 Dungeon Sprint DCSS version 0.31.0-12-g77e489cdc1 (webtiles) character file.

Game seed: 12120267602194943980

431 Silvore the Fighter (level 6, -6/56 HPs)
             Began as a Demonspawn Fighter on Feb 21, 2024.
             Was an Initiate of Okawaru.
             Mangled by a slime creature (11 damage)
             ... in the Dungeon (Sprint I: "Red Sonja").
             The game lasted 00:00:40 (485 turns).

Silvore the Fighter (Demonspawn Fighter)             Turns: 485, Time: 00:00:41

Health: -6/56      AC:  8    Str: 19    XL:     6   Next: 66%
Magic:  6/6        EV:  9    Int:  8    God:    Okawaru [......]
Gold:   311        SH:  5    Dex: 12    Spells: 5/5 levels left

rFire   . . .        a - +0 long sword
rCold   . . .        c - +0 buckler
rNeg    . . .        b - +0 scale mail
rPois   .            (no helmet)
rElec   .            (no cloak)
rCorr   .            (no gloves)
SInv    .            (no boots)
Will    .....        (no amulet) Stlth
                     (no ring)
HPRegen 0.29/turn    (no ring)
MPRegen 0.10/turn

%: no teleportation
@: no status effects
A: hooves 1
a: Renounce Religion


You were in the Dungeon.
You worshipped Okawaru.
Okawaru was noncommittal.
You visited 1 branch You collected 311 gold pieces.

Inventory:

Hand Weapons
 a - a +0 long sword (weapon)
Armour
 b - a +0 scale mail (worn)
 c - a +0 buckler (worn)
Wands
 d - a wand of polymorph (8)
Scrolls
 j - a scroll of blinking
Potions
 e - a potion of curing
 f - a potion of heal wounds
 g - a potion of haste
 h - 2 potions of magic
 i - a potion of berserk rage


   Skills:
 + Level 8.1 Fighting
 + Level 5.3 Long Blades
 + Level 7.6 Armour
 + Level 0.2 Dodging
 + Level 7.4 Shields
 + Level 0.8 Unarmed Combat


You had 5 spell levels left.
You didn't know any spells.
Your spell library was empty.

Dungeon Overview and Level Annotations

Branches:
Dungeon (1/1)

Altars:
Cheibriados
Dithmenos
Fedhas
Gozag
Hepliaklqana
Kikubaaqudgha
Makhleb
Nemelex Xobeh
Okawaru
Qazlal
Ru
Sif Muna
Trog
Uskayaw
Vehumet
Wu Jian
Xom
Yredelemnul
Jiyva
Lugonu

Shops:
D [


Innate Abilities, Weirdness & Mutations

You have large cloven feet.


Message History

You open the door.
A slime creature comes into view.
The slime creature quivers.
Found four altars.
You slash the slime creature! You kick the slime creature.
The slime creature is lightly wounded.
The slime creature closely misses you. The slime creature hits you!
You hit the slime creature. You kick the slime creature.
The slime creature is moderately wounded.
You block the slime creature's attack.
You hit the slime creature but do no damage.
You kick the slime creature.
The slime creature is moderately wounded.
The slime creature hits you!
You hit the slime creature but do no damage.
The slime creature is moderately wounded.
The slime creature hits you.
You hit the slime creature. You kick the slime creature!
The slime creature is heavily wounded.
The slime creature barely misses you.
You slash the slime creature!
The slime creature is severely wounded.
The slime creature hits you but does no damage.
You hit the slime creature but do no damage.
The slime creature is severely wounded.
The slime creature closely misses you. The slime creature hits you!
You hit the slime creature. You kick the slime creature.
The slime creature is severely wounded.
The slime creature barely misses you.
You hit the slime creature. Your kick misses the slime creature.
The slime creature is almost dead.
The slime creature hits you!
* * * LOW HITPOINT WARNING * * *
You barely miss the slime creature.
The slime creature is almost dead.
The slime creature hits you but does no damage.
You hit the slime creature.
The slime creature is almost dead.
The slime creature hits you!
You die...

################ ##
#<.#..)..#..'..#__#
#..').#..').#.@J..+
#..#####'#####'#__#
#..####..#...#.# ##
#..#__####..##(#
#..#_____##'#_.+
#⌠⌠#_.∩...'..._#
####_..__##_.#+#
#_____###+# #######


You could see a slime creature.

Vanquished Creatures
  Sigmund (D)
  A yak (D)
  An ogre (D)
  A jelly (D)
  Ijyb (D)
5 creatures vanquished.

Notes
Turn   | Place    | Note
-------+----------+-------------------------------------------
     0 | D        | Silvore the Demonspawn Fighter began the quest for the Orb.
     0 | D        | Reached XP level 1. HP: 18/18 MP: 1/1
     2 | D        | Noticed Ijyb
     9 | D        | Killed Ijyb
    10 | D        | Reached skill level 4 in Fighting
    10 | D        | Discovered your monstrous ancestry.
    10 | D        | Gained mutation: You have large cloven feet. [demonic
                  | ancestry]
    10 | D        | Reached XP level 2. HP: 26/26 MP: 2/2
    29 | D        | Noticed an ogre
    32 | D        | Killed an ogre
    33 | D        | Reached skill level 5 in Fighting
    33 | D        | Reached skill level 5 in Armour
    33 | D        | Reached skill level 5 in Shields
    33 | D        | Reached XP level 3. HP: 11/34 MP: 3/3
    33 | D        | Reached XP level 4. HP: 13/40 MP: 4/4
   145 | D        | Noticed Sigmund
   150 | D        | Killed Sigmund
   151 | D        | Reached skill level 7 in Fighting
   151 | D        | Reached XP level 5. HP: 32/48 MP: 5/5
   217 | D        | Found an ornate altar of the Wu Jian Council.
   217 | D        | Found a shimmering blue altar of Sif Muna.
   219 | D        | Found a radiant altar of Vehumet.
   224 | D        | Reached XP level 6. HP: 40/55 MP: 6/6
   292 | D        | Found Mocawot's Antique Armour Emporium.
   292 | D        | Found an ancient bone altar of Kikubaaqudgha.
   292 | D        | Found a hazy altar of Hepliaklqana.
   292 | D        | Found a stormy altar of Qazlal.
   292 | D        | Found a hide-covered altar of Uskayaw.
   292 | D        | Found a blossoming altar of Fedhas.
   292 | D        | Found a bloodstained altar of Trog.
   292 | D        | Found an iron altar of Okawaru.
   292 | D        | Found a basalt altar of Yredelemnul.
   292 | D        | Found a snail-covered altar of Cheibriados.
   292 | D        | Found a sacrificial altar of Ru.
   292 | D        | Found a shadowy altar of Dithmenos.
   292 | D        | Noticed a yak
   308 | D        | Killed a yak
   309 | D        | Reached skill level 8 in Fighting
   309 | D        | Reached skill level 5 in Long Blades
   453 | D        | Found an opulent altar of Gozag.
   454 | D        | Found a sparkling altar of Nemelex Xobeh.
   459 | D        | Became a worshipper of Warmaster Okawaru
   473 | D        | Found a burning altar of Makhleb.
   473 | D        | Found a viscous altar of Jiyva.
   473 | D        | Found a shimmering altar of Xom.
   473 | D        | Found a corrupted altar of Lugonu.
   473 | D        | Noticed a slime creature
   485 | D        | Mangled by a slime creature

Illustrated notes

Levels and vault maps discovered:
D:        dungeon_sprint_1 [red_sonja_temple_1, red_sonja_temple_small_1]

Skill      XL: |  1  2  3  4  5  6 |
---------------+-------------------+-----
Fighting       | 4 5 7 8 |  8.1
Long Blades    | 2 3 4 5 |  5.3
Armour         | 3 5 6 7 |  7.6
Shields        | 3 5 6 7 |  7.4
Dodging        | |  0.2
Unarmed Combat | |  0.8

Action                     |  1- 3 |  4- 6 || total
---------------------------+-------+-------++-------
  Melee: Long sword        |     6 |    34 ||    40
         Unarmed           |     2 |       ||     2
         Kick              |     1 |    12 ||    13
    Use: Potion            |     1 |       ||     1
 Armour: Scale mail        |     2 |    25 ||    27
  Dodge: Dodged            |     4 |     9 ||    13
  Block: Buckler           |     1 |     5 ||     6
